 Dungeon Crawl Stone Soup version 0.21-a0-163-g3aa3f5d (webtiles) character file.

2929 Lunath the Basher (level 9, 0/57 HPs)
             Began as a Gargoyle Gladiator on Aug 5, 2017.
             Was an Elder of Cheibriados.
             Slain by a seven-headed hydra (3 damage)
             ... on level 6 of the Dungeon.
             The game lasted 00:19:51 (5594 turns).

Lunath the Basher (Gargoyle Gladiator)              Turns: 5594, Time: 00:19:52

Health: 0/57       AC: 17    Str: 29    XL:     9   Next: 79%
Magic:  13/13      EV:  8    Int: 21    God:    Cheibriados [****..]
Gold:   344        SH:  0    Dex: 21    Spells: 8/8 levels left

rFire    . . .     SeeInvis .   a - +0 flail
rCold    . . .     Gourm    .   n - +0 buckler
rNeg     + . .     Faith    .   e - +0 plate armour
rPois    ∞         Spirit   .   c - +1 helmet
rElec    +         Reflect  .   (no cloak)
rCorr    .         Harm     .   (no gloves)
MR       .....                  (no boots)
Stlth    ..........             q - amulet of magic regeneration
HPRegen  0.19/turn              v - ring of stealth
MPRegen  0.38/turn              (no ring)

@: confused, very slow
A: negative energy resistance 1, electricity resistance, unbreathing,
petrification resistance, rot immunity, AC +5
a: Bend Time, Temporal Distortion, Slouch, Renounce Religion


You were on level 6 of the Dungeon.
You worshipped Cheibriados.
Cheibriados was greatly pleased with you.
You were not hungry.

You visited 1 branch of the dungeon, and saw 6 of its levels.

You collected 344 gold pieces.

Inventory:

Hand Weapons
 a - a +0 flail (weapon)
Missiles
 d - 3 throwing nets (quivered)
Armour
 c - a +1 helmet (worn)
 e - a +0 plate armour (worn)
 n - a +0 buckler (worn)
Jewellery
 j - an uncursed ring of protection from fire {unknown}
 q - an amulet of magic regeneration (around neck)
 v - a ring of stealth (left hand)
Scrolls
 o - a scroll of remove curse
 p - a scroll of fog
Potions
 i - 2 potions of curing
 k - a potion of resistance
 m - a potion of ambrosia
 s - a potion of mutation
 t - 2 potions of brilliance
Comestibles
 b - 2 meat rations
 f - 2 bread rations
 g - 2 royal jellies
 h - 5 chunks of flesh
 l - 3 fruits


   Skills:
 + Level 7.0 Fighting
 * Level 9.7 Maces & Flails
 - Level 1.7 Throwing
 - Level 2.4 Dodging
 - Level 4.0 Shields
 + Level 6.6 Invocations


You had 8 spell levels left.
You didn't know any spells.

Dungeon Overview and Level Annotations

Branches:
Dungeon (6/15)
 Temple: D:4-7

Altars:
Cheibriados
Dithmenos
Elyvilon
Ru
Uskayaw

Shops:
D:5 (


Innate Abilities, Weirdness & Mutations

You are resistant to torment.
Your stone body is resilient. (AC +5)
You are immune to poison.
You resist negative energy. (rN+)
You are resistant to electric shocks. (rElec)
You can survive without breathing.
You are immune to petrification.
You are immune to rotting.


Message History

The seven-headed hydra bites you!
* * * LOW HITPOINT WARNING * * *
The seven-headed hydra closely misses you.
The seven-headed hydra bites you but does no damage.
You closely miss the seven-headed hydra.
The seven-headed hydra bites you but does no damage.
The seven-headed hydra barely misses you. x2
The seven-headed hydra bites you.
* * * LOW HITPOINT WARNING * * *
The seven-headed hydra bites you.
* * * LOW HITPOINT WARNING * * *
The seven-headed hydra bites you but does no damage. x2
You hit the seven-headed hydra but do no damage.
The seven-headed hydra closely misses you.
The seven-headed hydra bites you.
* * * LOW HITPOINT WARNING * * *
The seven-headed hydra bites you.
* * * LOW HITPOINT WARNING * * *
The seven-headed hydra bites you.
You die...

#.#....## .#
#.#.....## .#
##)....$..### ####. #
.?..........###...#..#
.#.#.†......#.# .#.#
#(##.......>...# ...
........##...#.###.#
#.#####D###(###...#
.......@###[.....##
...........#######
....####.#K## ...
#....## ..
#.....#######.# .
#.............#
#...>.#<.......
##...##.#######
##.###.#


You could see a seven-headed hydra and a big kobold.

Vanquished Creatures
  Pikel (D:5)
  Grinder (D:3)
  The ghost of p0werm0de the Magician, an amateur DgWn (D:4)
  Duvessa (D:4)
  3 ice beasts (D:5)
  A phantom (D:5)
  2 centaurs (D:5)
  3 ogres
  3 big kobolds (D:3)
  A bullfrog (D:6)
  A wyvern zombie (D:6)
  Dowan (D:4)
  2 scorpions (D:4)
  A killer bee (D:6)
  2 howler monkeys
  A hound (D:4)
  A jelly (D:6)
  A centaur skeleton (D:4)
  An orc wizard (D:6)
  2 bullfrog skeletons (D:5)
  Jessica (D:2)
  Terence (D:3)
  3 worker ants
  Natasha (D:3)
  2 hound zombies
  A hound skeleton (D:4)
  Robin (D:2)
  2 gnolls (D:3)
  5 adders
  A river rat (D:3)
  2 shadow imps
  2 adder skeletons
  2 worms
  2 dart slugs
  3 leopard geckos
  8 orcs
  8 giant cockroaches
  17 goblins
  9 hobgoblins
  7 jackals (D:3)
  2 ball pythons (D:3)
  13 bats
  6 frilled lizards
  40 kobolds
  A leopard gecko skeleton (D:4)
  9 rats
179 creatures vanquished.

Vanquished Creatures (others)
  A slave (D:5)
  A howler monkey skeleton (D:5)
  A jackal skeleton (D:5)
  A bush (D:6)
4 creatures vanquished.

Grand Total: 183 creatures vanquished

Notes
Turn   | Place    | Note
-------+----------+-------------------------------------------
     0 | D:1      | Lunath the Gargoyle Gladiator began the quest for the Orb.
     0 | D:1      | Reached XP level 1. HP: 12/12 MP: 1/1
   179 | D:1      | Reached XP level 2. HP: 17/17 MP: 2/2
   897 | D:1      | Reached skill level 4 in Maces & Flails
   897 | D:1      | Reached XP level 3. HP: 6/22 MP: 3/3
  1379 | D:2      | Noticed Jessica
  1385 | D:2      | Killed Jessica
  1385 | D:2      | Reached XP level 4. HP: 24/28 MP: 4/4
  1411 | D:2      | Reached skill level 1 in Shields
  1439 | D:2      | Found a faded altar of an unknown god.
  1462 | D:2      | Became a worshipper of Cheibriados the Contemplative
  1462 | D:2      | Reached * piety under Cheibriados
  1668 | D:2      | Noticed Robin
  1701 | D:2      | Killed Robin
  1701 | D:2      | Reached XP level 5. HP: 12/32 MP: 5/5
  1830 | D:2      | Reached ** piety under Cheibriados
  2155 | D:3      | Noticed a big kobold
  2167 | D:3      | Killed a big kobold
  2167 | D:3      | Reached skill level 5 in Maces & Flails
  2167 | D:3      | Reached skill level 1 in Invocations
  2194 | D:3      | Reached XP level 6. HP: 23/37 MP: 7/7
  2295 | D:3      | Reached *** piety under Cheibriados
  2712 | D:3      | Noticed Natasha
  2724 | D:3      | Killed Natasha
  2724 | D:3      | Reached XP level 7. HP: 32/42 MP: 8/8
  2725 | D:3      | Noticed Grinder
  2750 | D:3      | Killed Grinder
  2750 | D:3      | Reached skill level 6 in Maces & Flails
  3085 | D:3      | Found a sacrificial altar of Ru.
  3130 | D:3      | Noticed Terence
  3141 | D:3      | Killed Terence
  3193 | D:3      | Reached **** piety under Cheibriados
  3567 | D:4      | Reached XP level 8. HP: 48/48 MP: 10/10
  3621 | D:4      | Noticed Duvessa
  3623 | D:4      | Noticed Dowan
  3631 | D:4      | Killed Duvessa
  3631 | D:4      | Reached skill level 5 in Fighting
  3631 | D:4      | Reached skill level 7 in Maces & Flails
  3647 | D:4      | Killed Dowan
  3999 | D:4      | Noticed p0werm0de's ghost (amateur DgWn)
  4011 | D:4      | Killed p0werm0de's ghost
  4506 | D:5      | Entered Level 5 of the Dungeon
  4522 | D:5      | Found Iferoul's Weapon Boutique.
  4666 | D:5      | Reached skill level 8 in Maces & Flails
  4797 | D:5      | Reached skill level 5 in Invocations
  4797 | D:5      | Reached XP level 9. HP: 48/55 MP: 12/12
  4850 | D:5      | Noticed Pikel
  4859 | D:5      | Killed Pikel
  4859 | D:5      | Reached skill level 9 in Maces & Flails
  4871 | D:5      | Found a white marble altar of Elyvilon.
  5224 | D:5      | Found a hide-covered altar of Uskayaw.
  5362 | D:5      | Found a shadowy altar of Dithmenos.
  5362 | D:5      | Found a white marble altar of Elyvilon.
  5583 | D:6      | Noticed a seven-headed hydra
  5594 | D:6      | Slain by a seven-headed hydra

Vault maps used:
D:1:      roderic_crop_circles_arrival_small
D:2:      chequers_ecumenical_altar_island, serial_bayou_pond_a, uniq_jessica,
          uniq_robin
D:3:      minmay_goblin_kobold_castle, lemuel_doored_altar,
          portal_sewer_entry_b, uniq_terence, uniq_grinder, uniq_natasha
D:4:      first_bread, feat_on_display, uniq_duvessa
D:5:      gammafunk_temple_overflow_wave, eat_drink_and_be_merry_uskayaw,
          serial_shops, shop, elyvilon_altar_1, uniq_pikel
D:6:      minmay_cornered_nines, minmay_temple_entry_enclosed_plants,
          uniq_crazy_yiuf_cottage

Skill      XL: |  1  2  3  4  5  6  7  8  9 |
---------------+----------------------------+-----
Maces & Flails | 4 5 6 8 9 |  9.7
Fighting       | 3 4 6 7 |  7.0
Shields        | 1 2 3 4 |  4.0
Invocations    | 1 2 3 5 6 |  6.6
Throwing       | |  1.7
Dodging        | |  2.4

Action                   |  1- 3 |  4- 6 |  7- 9 || total
-------------------------+-------+-------+-------++-------
Melee: Flail             |    74 |   284 |   335 ||   693
Invok: Bend Time         |       |     1 |     3 ||     4
       Slouch            |       |       |     1 ||     1
  Use: Scroll            |       |     5 |     8 ||    13
       Potion            |       |       |     1 ||     1
  Eat: Chunk             |     1 |     3 |     6 ||    10
Armor: Leather armour    |     8 |       |       ||     8
       Plate armour      |    52 |   333 |   195 ||   580
Dodge: Dodged            |    33 |   190 |   118 ||   341
Block: Buckler           |       |   101 |    86 ||   187
